 Dungeon Crawl Stone Soup version 0.30-a0-585-g93115170b9 (webtiles) character file.

Game seed: 16301802962700847532

128 Bnni the Vexing (level 5, -6/38 HPs)
             Began as a Formicid Hexslinger on Jan 2, 2023.
             Mangled by an ogre
             ... wielding a +0 giant club
              (29 damage)
             ... on level 4 of the Dungeon.
             The game lasted 00:02:57 (2723 turns).

Bnni the Vexing (Formicid Hexslinger)               Turns: 2723, Time: 00:02:58

Health: -6/38      AC:  4    Str: 14    XL:     5   Next: 33%
Magic:  0/8        EV: 17    Int: 15    God:
Gold:   140        SH:  0    Dex: 14    Spells: 4/8 levels left

rFire   . . .      SeeInvis +    a - +1 sling
rCold   . . .      Faith    .    (no shield)
rNeg    . . .      Spirit   .    c - +0 robe
rPois   .          Reflect  .    (helmet unavailable)
rElec   .          Harm     .    (no cloak)
rCorr   .          Rampage  .    r - +1 pair of gloves
Will    .....                    (no boots)
Stlth   +                        (no amulet)
HPRegen 0.26/turn                e - +5 ring of evasion
MPRegen 0.11/turn                (no ring)

@: no status effects
A: permanent stasis, dig shafts and tunnels, antennae 3, four strong arms
a: Dig, Shaft Self


You were on level 4 of the Dungeon.
You visited 1 branch of the dungeon, and saw 4 of its levels.

You collected 140 gold pieces.

Inventory:

Hand Weapons
 a - a +1 sling (weapon)
 m - the +10 mace of the Shore {freeze, rPois Str+4 Int+4}
   (You found it on level 2 of the Dungeon)

   It freezes those it strikes, dealing additional cold damage.
   It can also slow down cold-blooded creatures.
   Str:       It affects your strength (+4).
   Int:       It affects your intelligence (+4).
   rPois:     It protects you from poison.
Missiles
 k - 3 poisoned darts
Armour
 c - a +0 robe (worn)
 r - a +1 pair of gloves (worn)
Jewellery
 e - a +5 ring of evasion (left hand)
Wands
 h - a wand of mindburst (2)
 p - a wand of flame (17)
Scrolls
 b - a scroll of poison
 g - 4 scrolls of fear {unknown}
 i - 3 scrolls of identify {unknown}
 j - a scroll of teleportation {unknown}
 l - a scroll of vulnerability {unknown}
 q - 3 scrolls of enchant weapon {unknown}
Potions
 d - a potion of haste {unknown}
 f - a potion of heal wounds {unknown}
 n - a potion of degeneration {unknown}
 o - a potion of might {unknown}


   Skills:
 + Level 1.8 Fighting
 * Level 3.2 Ranged Weapons
 - Level 1.7 Dodging
 + Level 2.0 Spellcasting
 * Level 4.8 Hexes
 + Level 1.4 Fire Magic


You had 4 spell levels left.
You knew the following spells:

 Your Spells              Type           Power      Damage    Failure   Level
a - Slow                  Hex            64%        N/A       3%          1
b - Inner Flame           Hex/Fire       11%        N/A       19%         3

Your spell library contained the following spells:

 Spells                   Type           Power      Damage    Failure   Level
 Portal Projectile        Hex/Tloc       16%        N/A       24%         3
 Cause Fear               Hex            8%         N/A       30%         4
 Sublimation of Blood     Necr           1%         N/A       32%         2
 Petrify                  Tmut/Erth      1%         N/A       91%         4
 Irradiate                Conj/Tmut      0%         3d11      99%         5


Dungeon Overview and Level Annotations

Branches:
Dungeon (4/15)
 Temple: D:4-7

Altars:
Ru

Shops:
D:3 !


Innate Abilities, Weirdness & Mutations

You cannot be hasted, slowed, berserked, paralysed or teleported.
You can dig through walls and to a lower floor.
You have a pair of large antennae on your head. (SInv)
Your four strong arms can wield two-handed weapons with a shield.


Message History

The spell is quite dangerous to miscast (19% risk of failure)!
Continue anyway?
Aiming: Inner Flame (quite dangerous; 19% risk of failure)
Press: ? - help, Dir - move target, f - ogre
Aim: an ogre, wielding a +0 giant club (chance to affect: 62%)
The ogre resists with significant effort.
Casting: Inner Flame (quite dangerous; 19% risk of failure)
Confirm with . or Enter, or press ? or * to list all spells.
The spell is quite dangerous to miscast (19% risk of failure)!
Continue anyway?
Aiming: Inner Flame (quite dangerous; 19% risk of failure)
Press: ? - help, Dir - move target, f/p - ogre
Aim: an ogre, wielding a +0 giant club (chance to affect: 62%)
The ogre is filled with an inner flame.
Throw: 4 darts (poison)
Press: ? - help, Shift-Dir - straight line, f/p - ogre
Aim: an ogre, wielding a +0 giant club (inner flame, 73% to hit)
You throw a poisoned dart. The poisoned dart hits the ogre.
The ogre is poisoned.
The ogre looks more healthy.
Okay, then.
Casting: Inner Flame (quite dangerous; 19% risk of failure)
Confirm with . or Enter, or press ? or * to list all spells.
Aiming: Slow (safe; 3% risk of failure)
Press: ? - help, Shift-Dir - straight line, f/p - ogre
Aim: an ogre, wielding a +0 giant club (inner flame, chance to affect: 50%)
The ogre resists with some effort.
Casting: Slow (safe; 3% risk of failure)
Confirm with . or Enter, or press ? or * to list all spells.
Aiming: Slow (safe; 3% risk of failure)
Press: ? - help, Shift-Dir - straight line, f/p - ogre
Aim: an ogre, wielding a +0 giant club (inner flame, chance to affect: 50%)
The ogre resists with some effort.
The ogre hits you with a +0 giant club!
Casting: Slow (safe; 3% risk of failure)
Confirm with . or Enter, or press ? or * to list all spells.
Aiming: Slow (safe; 3% risk of failure)
Press: ? - help, Shift-Dir - straight line, f/p - ogre
Aim: an ogre, wielding a +0 giant club (inner flame, chance to affect: 50%)
The ogre resists with some effort.
The ogre hits you with a +0 giant club!!
Ouch! That really hurt!
You die...

#####################
.....................
.................?...
#.......###..........
###.....# ###......##
##....## ##.....#
##....# ##...#
##..O## #...# ##..@##
#... ##...# #..
##..## ##..## ##..##
#...## ##...###
#.....## ##.....###


You could see an ogre (inner flame).

Vanquished Creatures
  Jessica (D:3)
  A gnoll (D:3)
  3 adders
  A worm (D:3)
  A dart slug (D:4)
  2 orcs
  6 ball pythons
  2 bats (D:3)
  11 endoplasms
  2 giant cockroaches
  6 goblins
  6 hobgoblins
  2 jackals (D:1)
  2 quokkas
  A frilled lizard (D:3)
  3 kobolds (D:1)
  3 rats
53 creatures vanquished.

Vanquished Creatures (others)
  2 fungi (D:1)
  2 plants (D:3)
4 creatures vanquished.

Grand Total: 57 creatures vanquished

Notes
Turn   | Place    | Note
-------+----------+-------------------------------------------
     0 | D:1      | Bnni the Formicid Hexslinger began the quest for the Orb.
     0 | D:1      | Reached XP level 1. HP: 15/15 MP: 2/2
    95 | D:1      | Reached XP level 2. HP: 3/21 MP: 1/3
   262 | D:1      | Reached skill level 4 in Hexes
   389 | D:1      | Found a faded altar of an unknown god.
   691 | D:1      | Reached XP level 3. HP: 26/26 MP: 4/4
   698 | D:1      | Learned a level 3 spell: Inner Flame
  1277 | D:2      | Reached skill level 1 in Fire Magic
  1428 | D:2      | Identified the +10 mace of the Shore {freeze, rPois Str+4
                  | Int+4}
  1524 | D:3      | Found a sacrificial altar of Ru.
  1568 | D:3      | Found Lubiaw's Distillery.
  1584 | D:3      | Reached XP level 4. HP: 32/32 MP: 6/6
  1613 | D:3      | Noticed Jessica
  1617 | D:3      | Killed Jessica
  1847 | D:3      | Reached XP level 5. HP: 38/38 MP: 7/7
  2704 | D:4      | Noticed an ogre
  2723 | D:4      | Mangled by an ogre

Illustrated notes

Levels and vault maps discovered:
D:1:      scummos_arrival_checkerplants, layout_loops_ring,
          basic_ecumenical_altar
D:2:      layout_basic
D:3:      layout_basic, nicolae_ru_the_path_less_chosen, serial_shops, shop,
          serial_bayou_pond_b, kennysheep_doodads, uniq_jessica
D:4:      minmay_thick_lines, layout_basic, lemuel_coloured_pillars_altar,
          uniq_eustachio

Skill      XL: |  1  2  3  4  5 |
---------------+----------------+-----
Hexes          | 4 |  4.8
Fire Magic     | 1 |  1.4
Ranged Weapons | 3 |  3.2
Spellcasting   | 2 |  2.0
Fighting       | |  1.8
Dodging        | |  1.7

Action                   |  1- 3 |  4- 6 || total
-------------------------+-------+-------++-------
Melee: Mace              |       |     2 ||     2
 Fire: Sling             |    89 |    52 ||   141
Throw: Dart              |       |     1 ||     1
 Cast: Slow              |     1 |     3 ||     4
       Inner Flame       |       |     3 ||     3
Armor: Robe              |     5 |     1 ||     6
Dodge: Dodged            |    31 |     8 ||    39

Table legend: (Time is in decaauts)
 A = Elapsed time spent in this place.
 B = Non-inter-level travel time spent in this place.
 C = Inter-level travel time spent in this place.
 D = Time resting spent in this place.
 E = Time spent auto-exploring this place.
 F = Levels seen in this place.
 G = Mean time per level.
                   A        B        C        D        E       F      G
               +--------+--------+--------+--------+--------+-----+--------+
         Total |   2762 |   2549 |    213 |     74 |   2128 |   4 |  690.5 |
       Dungeon |   2762 |   2549 |    213 |     74 |   2128 |   4 |  690.5 |
               +--------+--------+--------+--------+--------+-----+--------+

Top non-repeatable levels by time:
     D:3: 1071 daAuts
     D:1: 810 daAuts
     D:2: 729 daAuts
     D:4: 150 daAuts
